 Dungeon Crawl Stone Soup version 0.20.1-1-g8b1a95d (console) character file.

679 Kloppie the Chopper (level 7, -3/61 HPs)
             Began as a Grey Draconian Gladiator on July 18, 2017.
             Slain by Pikel
             ... wielding a +2 whip of electrocution
              (5 damage)
             ... on level 6 of the Dungeon.
             The game lasted 00:06:32 (4073 turns).

Kloppie the Chopper (Grey Draconian Gladiator)      Turns: 4073, Time: 00:06:33

Health: -3/61      AC: 16    Str: 21    XL:     7   Next: 34%
Magic:  7/7        EV: 13    Int:  9    God:
Gold:   228        SH:  0    Dex: 17    Spells: 6/6 levels left

rFire    . . .     SeeInvis .   a - +2 war axe
rCold    . . .     Gourm    .   (no shield)
rNeg     . . .     Faith    .   (armour unavailable)
rPois    .         Spirit   .   b - +1 hat
rElec    .         Reflect  .   n - +1 cloak
rCorr    .         Harm     .   q - +1 pair of gloves {Dex+3}
MR       .....                  (no boots)
Stlth    ++........             (no amulet)
Regen    0.2/turn               (no ring)
MPRegen  0.1/turn               (no ring)

@: mighty
A: walk through water, unfitting armour, unbreathing, cold-blooded, AC +11
a: no special abilities


You were on level 6 of the Dungeon.
You were not hungry.

You visited 1 branch of the dungeon, and saw 6 of its levels.

You collected 228 gold pieces.

Inventory:

Hand Weapons
 a - a +2 war axe (weapon)
Missiles
 c - 3 throwing nets (quivered)
Armour
 b - a +1 hat (worn)
 n - a +1 cloak (worn)
 q - a +1 pair of gloves of dexterity (worn)
Wands
 s - a wand of random effects (37/48)
Scrolls
 h - a scroll of teleportation
 m - a scroll of enchant armour
Potions
 e - a potion of flight {unknown}
 j - a potion of agility {unknown}
 l - a potion of curing {unknown}
 p - a potion of brilliance
 r - a potion of haste {unknown}
 t - a potion of mutation {unknown}
Comestibles
 d - 5 bread rations
 f - a chunk of flesh
 g - 4 fruits
 i - 4 royal jellies
 k - a meat ration


   Skills:
 + Level 5.5 Fighting
 + Level 7.2 Axes
 - Level 1.7 Throwing
 - Level 2.6 Dodging


You had 6 spell levels left.
You didn't know any spells.

Dungeon Overview and Level Annotations

Branches:
Dungeon (6/15)
 Temple: D:4-7

Altars:
Fedhas
Yredelemnul

Annotations:
D:3 exclusion: oklob plant
D:6 Pikel


Innate Abilities, Weirdness & Mutations

You can walk through water.
Your dull iron-grey scales are very hard. (AC +11)
You cannot fit into any form of body armour.
You can survive without breathing.
You are cold-blooded and may be slowed by cold attacks.


Message History

You are electrocuted!
* * * LOW HITPOINT WARNING * * *
You hit Pikel but do no damage.
Pikel is moderately wounded.
Pikel closely misses you.
You hit Pikel but do no damage. You tail-slap Pikel.
Pikel is moderately wounded.
Pikel hits you but does no damage.
You are electrocuted!
* * * LOW HITPOINT WARNING * * *
Okay, then.
Pikel says, "I just want to get paid!"
You see here a quokka skeleton.
You feel very mighty all of a sudden. Pikel closely misses you.
You slash Pikel!
Pikel is heavily wounded.
Pikel hits you with a whip of electrocution!
* * * LOW HITPOINT WARNING * * *
Pikel hits you with a whip of electrocution.
You die...

#..# #..# #÷p#
#.p# #..# #.p#
##p# #K#
#####@#
#.....#
#.###.# #.#
#.# #># #.#
#.# #.# #.#
#.# # #.# #.#
####.###.###.#


You could see Pikel and 4 slaves.

Vanquished Creatures
  A phantom (D:5)
  An ogre (D:5)
  A centaur zombie (D:6)
  A bullfrog skeleton (D:4)
  An orc priest (D:5)
  3 orc wizards
  Natasha (thrice) (D:3)
  3 gnolls (D:3)
  12 adders
  An ooze (D:2)
  An adder zombie (D:5)
  6 dart slugs
  2 leopard geckos
  14 orcs
  A ball python (D:4)
  A giant cockroach (D:2)
  15 goblins
  4 hobgoblins
  6 quokkas
  8 bats
  10 frilled lizards
  A jackal skeleton (D:4)
  6 kobolds
  A quokka skeleton (D:4)
  8 rats
111 creatures vanquished.

Vanquished Creatures (others)
  A plant (D:2)
1 creature vanquished.

Grand Total: 112 creatures vanquished

Notes
Turn   | Place    | Note
-------+----------+-------------------------------------------
     0 | D:1      | Kloppie the Draconian Gladiator began the quest for the Orb.
     0 | D:1      | Reached XP level 1. HP: 17/17 MP: 1/1
   149 | D:1      | Reached XP level 2. HP: 22/24 MP: 2/2
   473 | D:2      | Reached skill level 4 in Axes
   487 | D:2      | Reached XP level 3. HP: 23/29 MP: 3/3
  1375 | D:2      | Reached skill level 5 in Axes
  1375 | D:2      | Reached XP level 4. HP: 30/36 MP: 4/4
  1430 | D:3      | Noticed Natasha
  1444 | D:3      | Killed Natasha
  1713 | D:3      | Reached XP level 5. HP: 38/42 MP: 5/5
  2047 | D:3      | Noticed Natasha
  2062 | D:3      | Killed Natasha
  2094 | D:3      | Found a blossoming altar of Fedhas.
  2118 | D:3      | Noticed an oklob plant
  2242 | D:3      | Reached skill level 6 in Axes
  2307 | D:3      | Noticed Natasha
  2314 | D:3      | Killed Natasha
  2525 | D:4      | Reached XP level 6. HP: 31/52 MP: 6/6
  2796 | D:4      | Found a basalt altar of Yredelemnul.
  3017 | D:5      | Entered Level 5 of the Dungeon
  3257 | D:5      | HP: 2/53 [phantom (2)]
  3264 | D:5      | HP: 3/79 [poisoned by an orc wizard]
  3276 | D:5      | Reached skill level 5 in Fighting
  3276 | D:5      | Your scales start taking on a dull iron-grey colour.
  3276 | D:5      | Reached XP level 7. HP: 5/61 MP: 7/7
  3276 | D:5      | Gained mutation: You can survive without breathing. [Grey Draconian growth]
  3596 | D:5      | Reached skill level 7 in Axes
  4038 | D:6      | Noticed Pikel
  4073 | D:6      | HP: 2/61 [Pikel/whip of electrocution (9)]
  4073 | D:6      | Slain by Pikel

Skill      XL: |  1  2  3  4  5  6  7 |
---------------+----------------------+-----
Axes           | 4 5 6 7 |  7.2
Fighting       | 3 5 |  5.5
Throwing       | |  1.7
Dodging        | |  2.6

Action                   |  1- 3 |  4- 6 |  7- 9 || total
-------------------------+-------+-------+-------++-------
Melee: War axe           |   122 |   215 |    30 ||   367
       Tailslap          |    11 |    23 |     6 ||    40
  Use: Potion            |       |     2 |     1 ||     3
       Scroll            |       |       |    11 ||    11
 Stab: Sleeping          |       |     2 |       ||     2
  Eat: Chunk             |     2 |     5 |       ||     7
       Meat ration       |       |       |     1 ||     1
Armor: Skin              |    42 |    93 |    17 ||   152
Dodge: Dodged            |    83 |   174 |    22 ||   279
